 Dungeon Crawl Stone Soup version 0.26-b1-45-g23770d1d51 (webtiles) character file.

Game seed: 16055018775498412684

4 raceaflais the Caller (level 1, -2/7 HPs)
             Began as a Felid Summoner on Jan 6, 2021.
             Slain by a kobold
             ... wielding a +0 short sword
              (4 damage)
             ... on level 1 of the Dungeon.
             The game lasted 00:00:40 (76 turns).

raceaflais the Caller (Felid Summoner)                Turns: 76, Time: 00:00:41

Health: -2/7       AC:  1    Str:  4    XL:     1   Next: 58%
Magic:  1/4        EV: 18    Int: 16    God:
Gold:   0          SH:  0    Dex: 16    Spells: 3/4 levels left
                                        Lives:  0   Deaths: 0

rFire    . . .     SeeInvis +   (weapon unavailable)
rCold    . . .     Faith    .   (shield unavailable)
rNeg     . . .     Spirit   .   (armour unavailable)
rPois    .         Reflect  .   (helmet unavailable)
rElec    .         Harm     .   (cloak unavailable)
rCorr    .         Rampage  .   (gloves unavailable)
Will     .....                  (boots unavailable)
Stlth    +++.......             (no amulet)
HPRegen  0.02/turn              (no ring)
MPRegen  0.09/turn              (no ring)

@: quick
A: very small, no armour, no weapons or thrown items, stealth, claws 1, fangs 3,
see invisible, speed 1, shaggy fur 1, sharp paws
a: no special abilities


You were on level 1 of the Dungeon.
You visited 1 branch of the dungeon, and saw 1 of its levels.

Inventory:

Hand Weapons
 a - a +0 spear of venom
Missiles
 b - 14 stones
Scrolls
 c - a scroll of enchant weapon {unknown}


   Skills:
 + Level 2.6 Dodging
 + Level 2.6 Stealth
 + Level 2.0 Spellcasting
 + Level 4.2 Summonings


You had 3 spell levels left.
You knew the following spells:

 Your Spells              Type           Power        Failure   Level
a - Summon Small Mammal   Summ           60%          3%          1

Your spell library contained the following spells:

 Spells                   Type           Power        Failure   Level
 Call Imp                 Summ           15%          5%          2
 Call Canine Familiar     Summ           15%          11%         3
 Summon Guardian Golem    Hex/Summ       8%           26%         3
 Summon Ice Beast         Ice/Summ       8%           65%         4
 Summon Lightning Spire   Summ/Air       8%           65%         4


Dungeon Overview and Level Annotations

Branches:
Dungeon (1/15)

Altars:


Innate Abilities, Weirdness & Mutations

You cannot wear armour.
You are incapable of wielding weapons or throwing items.
Your paws allow you to move quietly. (Stealth)
You have sharp claws.
You have razor-sharp teeth.
You have supernaturally acute eyesight. (SInv)
You cover ground quickly.
You are covered in fur. (AC +1)
Your sharp claws are effective at attacking unaware monsters.


Message History

The bat closely misses you.
Your bat hits the bat. The kobold hits your bat.
Your bat hits the kobold but does no damage.
The bat hits you.
* * * LOW HITPOINT WARNING * * *
The bat misses you. The kobold barely misses your bat.
Your bat hits the kobold but does no damage.
Your bat hits the kobold but does no damage.
The bat barely misses you. The kobold misses your bat.
Your bat closely misses the kobold.
Your bat barely misses the kobold.
The bat misses you. The kobold completely misses you.
A goblin comes into view. It is wielding a +0 dagger.
Your bat closely misses the kobold.
Your bat barely misses the kobold.
Your bat closely misses the kobold.
A bat comes into view.
The bat hits you but does no damage.
Your bat hits the kobold. The bat completely misses you.
The kobold hits you with a +0 short sword.
Ouch! That really hurt!
You die...

.##..#..#####.#####..#....
.............<...........#
.....#..#####.#####..#.###
.....#.....⌠#.#⌠. ...#.#
.... #...##.#.#.##...# #
#... #....#.#.#.#....# ...
#......#.#......#
#......#.#......#
##.....#.#.@...##
#.#....b.KKb..#.#
#..#.........#.b#
########.##### ## g..#
.....# ........ ......##
......


You could see a goblin (asleep), 2 bats, 2 kobolds and a friendly bat
(summoned).

Vanquished Creatures
  A dart slug (D:1)
  A rat (D:1)
2 creatures vanquished.

Vanquished Creatures (collateral kills)
  2 giant cockroaches (D:1)
  A rat (D:1)
3 creatures vanquished.

Grand Total: 5 creatures vanquished

Notes
Turn   | Place    | Note
-------+----------+-------------------------------------------
     0 | D:1      | raceaflais the Felid Summoner began the quest for the Orb.
     0 | D:1      | Reached XP level 1. HP: 7/7 MP: 4/4
    76 | D:1      | Slain by a kobold

Illustrated notes

Levels and vault maps discovered:
D:1:      matt_arrival_grand_opening, layout_rooms

Action                   || total
-------------------------++-------
Melee: Unarmed           ||    10
       Bite              ||     1
 Cast: Summon Small Mamm ||     7
 Stab: Distracted        ||     1
Armor: Skin              ||     2
Dodge: Dodged            ||    59
